 Dungeon Crawl Stone Soup version 0.31-a0-174-g85c54bcb58 (webtiles) character file.

Game seed: 17518241234137749465

6419 qw the Skirmisher (level 10, 0/96 HPs)
             Began as a Naga Hunter on June 15, 2023.
             Was a Believer of Okawaru.
             Slain by an ogre
             ... wielding a +0 giant spiked club
             ... led by Lodul
              (15 damage)
             ... on level 10 of the Dungeon.
             The game lasted 00:03:30 (8321 turns).

qw the Skirmisher (Naga Hunter)                     Turns: 8321, Time: 00:03:30

Health: 0/96       AC: 15    Str: 14    XL:     10   Next: 98%
Magic:  13/13      EV: 18    Int:  9    God:    Okawaru [**....]
Gold:   559        SH:  5    Dex: 19    Spells: 9/9 levels left

rFire   + . .        d - +5 arbalest (heavy)
rCold   . . .        (shield currently unavailable)
rNeg    . . .        t - +2 robe {rF+}
rPois   +            (no helmet)
rElec   .            o - +0 cloak
rCorr   .            (no gloves)
SInv    +            g - +2 barding
Will    +....        f - amulet of reflection
Stlth   ++++         u - +4 ring of slaying {mikee}
HPRegen 0.36/turn    e - +5 ring of evasion
MPRegen 0.13/turn

%: reflection
@: about to teleport, heroic, very slow
A: AC +3, large, see invisible, deformed body, poison resistance, slowness 2,
spit poison 1, naga tail 1
a: Spit Poison, Renounce Religion, Heroism


You were on level 10 of the Dungeon.
You worshipped Okawaru.
Okawaru was pleased with you.
You visited 2 branches of the dungeon, and saw 11 of its levels.
You also visited: Ossuary.

You collected 559 gold pieces.


Innate Abilities, Weirdness & Mutations

Your serpentine skin is tough. (AC +3)
You have supernaturally acute eyesight. (SInv)
Armour fits poorly on your strangely shaped body.
Your system is resistant to poisons. (rPois)
You cover ground very slowly.
You can spit poison.
You have a snake-like lower body.


   Skills:
 - Level 8.0(13.0) Fighting
 + Level 12.1(17.1) Ranged Weapons
 - Level 2.2(7.2) Armour
 - Level 4.0(9.0) Dodging
 - Level 1.5(6.5) Stealth
 - Level 4.1 Invocations


You had 9 spell levels left.
You didn't know any spells.
Your spell library was empty.

Inventory:

Hand Weapons
 d - a +5 heavy arbalest (weapon)
Armour
 c - a +0 troll leather armour
 g - a +2 barding (worn)
 o - a +0 cloak (worn)
 t - a +2 robe of fire resistance (worn)
Jewellery
 e - a +5 ring of evasion (right hand)
 f - an amulet of reflection (around neck)
 l - a ring of fire
 u - a +4 ring of slaying (left hand) {mikee}
Scrolls
 a - a scroll of identify
 k - a scroll of teleportation
Potions
 b - 16 potions of curing
 h - 2 potions of haste
 i - a potion of resistance
 j - a potion of magic
 n - 2 potions of heal wounds
 p - a potion of cancellation
 r - a potion of degeneration {unknown}

Dungeon Overview and Level Annotations

Branches:
Dungeon (10/15)            Temple (1/1) D:7         Ossuary (visited)
   Lair: D:8-11         Orc: D:9-12

Altars:
Ashenzari
Cheibriados
Dithmenos
Elyvilon
Fedhas
Gozag
Hepliaklqana
Kikubaaqudgha
Makhleb
Nemelex Xobeh
Okawaru
Qazlal
Ru
Sif Muna
Trog
Uskayaw
Vehumet
Wu Jian
Xom
Yredelemnul
Zin
The Shining One

Annotations:
D:10 Lodul


Message History

Press: ? - help, Shift-Dir - straight line, f - ogre The splash of poison hits the ogre!
The ogre is poisoned.
The ogre is heavily wounded.
The ogre shouts!
An ogre comes into view. It is wielding a +0 giant spiked club.
You shoot a bolt. The ogre shouts!
The bolt hits the ogre!
The ogre is almost dead.
The ogre hits you with a +0 giant club. The ogre barely misses you.
The ogre hits you but does no damage.
Lodul winks and says, "Everything have price."
8316 ||| Stepping ~*~*~tactically~*~*~ (outnumbered).
There is an open door here.
You shoot a bolt. The bolt hits the ogre!!!
You kill the ogre!
Okawaru accepts your kill.
You have got your breath back.
The ogre closely misses you.
Your base Ranged Weapons skill increases to level 12!
8318 ||| INVOKING Spit Poison.
Aiming: Spit Poison (1% risk of failure)
Press: ? - help, Shift-Dir - straight line, f - ogre The splash of poison misses the ogre.
The ogre closely misses you.
You shoot a bolt. The bolt hits the ogre!!!
You kill the ogre!
Okawaru accepts your kill.
The ogre hits you with a +0 giant spiked club!
You shoot a bolt. The bolt hits the ogre!!
You kill the ogre!
Okawaru accepts your kill. The ogre closely misses you.
The ogre hits you with a +0 giant spiked club!
8321 ||| READING 2 scrolls of teleportation.
As you read the scroll of teleportation, it crumbles to dust.
You feel strangely unstable.
You have got your breath back.
The ogre hits you with a +0 giant spiked club!
You die...

# #... #.#...
#.#..O ##.....
......O |
###....####+#..
.....O)).......
###O?......
#.@O.......
#.#........
#.#........
#.#........
##.#########
#..# #''#
777..777
7..%...7


You could see 2 ogres.

Vanquished Creatures
  Psyche (D:8)
  A troll (D:10)
  Sigmund (D:2)
  3 wyverns
  A yak (D:9)
  A human (D:9)
  3 hogs (D:9)
  An acid dragon (D:8)
  2 orc warriors
  A sky beast (D:7)
  A black bear (D:6)
  2 ice beasts
  4 centaurs
  7 ogres
  2 kobold brigands (D:9)
  3 gnoll sergeants
  2 scorpions
  A wyvern zombie (D:6)
  3 necrophages (D:6)
  9 wights
  10 killer bees (D:9)
  An electric eel (D:9)
  3 howler monkeys
  2 bullfrog zombies (D:6)
  A human zombie (D:6)
  2 hounds (D:5)
  2 jellies
  8 orc priests
  A gnoll bouda (D:6)
  Ijyb (D:3)
  Terence (D:3)
  8 orc wizards
  A scorpion zombie (D:4)
  A sleepcap (D:4)
  2 iguanas (D:5)
  A killer bee zombie (D:6)
  9 mummies
  A howler monkey zombie (D:6)
  8 adders
  19 gnolls
  A shadow imp (D:8)
  2 white imps
  3 adder zombies (D:4)
  An adder skeleton (D:4)
  3 worms
  6 dart slugs
  33 orcs
  4 endoplasms
  6 giant cockroaches
  10 goblins
  11 hobgoblins
  4 quokkas
  6 ball pythons
  6 bats
  A frilled lizard (D:1)
  2 gnoll zombies (Ossuary)
  18 kobolds
  2 kobold zombies (Ossuary)
  4 orc zombies (Ossuary)
  4 rats
258 creatures vanquished.

Notes
Turn   | Place    | Note
-------+----------+-------------------------------------------
     0 | D:1      | qw the Naga Hunter began the quest for the Orb.
     0 | D:1      | Reached XP level 1. HP: 19/19 MP: 1/1
     0 | D:1      | 0 ||| qw: Version: 0.2-a-29-g511e9b1
     0 | D:1      | 0 ||| qw: Game counter: 5597
     0 | D:1      | 0 ||| qw: Always use a shield: true
     0 | D:1      | 0 ||| qw: God list: Okawaru
     0 | D:1      | 0 ||| qw: Allow faded altars: false
     0 | D:1      | 0 ||| qw: Do Orc after D:15 true
     0 | D:1      | 0 ||| qw: Do second Lair branch before Depths: true
     0 | D:1      | 0 ||| qw: Lair rune preference: random
     0 | D:1      | 0 ||| qw: Plans: Normal
     0 | D:1      | 0 ||| PLANNING D:1-11
    22 | D:1      | 22 ||| INVOKING Spit Poison.
   115 | D:1      | 115 ||| INVOKING Spit Poison.
   168 | D:1      | 168 ||| INVOKING Spit Poison.
   169 | D:1      | Reached skill level 4 in Ranged Weapons
   169 | D:1      | Reached XP level 2. HP: 26/26 MP: 2/2
   179 | D:1      | 179 ||| INVOKING Spit Poison.
   184 | D:1      | 184 ||| INVOKING Spit Poison.
   247 | D:1      | 247 ||| INVOKING Spit Poison.
   276 | D:1      | 276 ||| INVOKING Spit Poison.
   319 | D:1      | 319 ||| INVOKING Spit Poison.
   329 | D:1      | 329 ||| INVOKING Spit Poison.
   333 | D:1      | 333 ||| INVOKING Spit Poison.
   359 | D:1      | 359 ||| INVOKING Spit Poison.
   389 | D:1      | 389 ||| INVOKING Spit Poison.
   408 | D:1      | Reached XP level 3. HP: 29/32 MP: 3/3
   430 | D:1      | 430 ||| INVOKING Spit Poison.
   447 | D:1      | 447 ||| Stepping ~*~*~tactically~*~*~ (outnumbered).
   449 | D:1      | 449 ||| Stepping ~*~*~tactically~*~*~ (outnumbered).
   451 | D:1      | 451 ||| Stepping ~*~*~tactically~*~*~ (outnumbered).
   456 | D:1      | 456 ||| INVOKING Spit Poison.
   460 | D:1      | 460 ||| INVOKING Spit Poison.
   469 | D:1      | 469 ||| INVOKING Spit Poison.
   523 | D:1      | 523 ||| INVOKING Spit Poison.
   531 | D:1      | 531 ||| INVOKING Spit Poison.
   540 | D:1      | 540 ||| INVOKING Spit Poison.
   637 | D:1      | 637 ||| INVOKING Spit Poison.
   724 | D:1      | 724 ||| UPGRADING to +0 barding.
   729 | D:1      | 729 ||| UPGRADING to ring of protection from cold.
   730 | D:1      | 730 ||| READING scroll labelled VOCKEI HURIUSO.
   734 | D:1      | 734 ||| READING 2 scrolls labelled EGHUXE YK IRGH.
   735 | D:1      | 735 ||| READING scroll labelled TURPHA SIEDEESI.
   736 | D:1      | 736 ||| DROPPING scroll of butterflies.
   737 | D:1      | 737 ||| DROPPING scroll of fear.
   783 | D:2      | 783 ||| INVOKING Spit Poison.
   813 | D:2      | 813 ||| INVOKING Spit Poison.
   818 | D:2      | 818 ||| INVOKING Spit Poison.
   883 | D:2      | 883 ||| INVOKING Spit Poison.
   887 | D:2      | 887 ||| INVOKING Spit Poison.
   929 | D:2      | 929 ||| INVOKING Spit Poison.
   973 | D:2      | Noticed Sigmund
   975 | D:2      | 975 ||| INVOKING Spit Poison.
   978 | D:2      | 978 ||| INVOKING Spit Poison.
   983 | D:2      | 983 ||| UPGRADING to +5 ring of evasion.
   987 | D:2      | 987 ||| READING 3 scrolls labelled YLEVEO JURHO.
   992 | D:2      | 992 ||| FLEEEEING.
   993 | D:2      | 993 ||| FLEEEEING.
   994 | D:2      | 994 ||| INVOKING Spit Poison.
   995 | D:2      | Killed Sigmund
   995 | D:2      | HP: 6/32 [poisoned by Sigmund]
   996 | D:2      | Reached skill level 6 in Ranged Weapons
   996 | D:2      | Reached XP level 4. HP: 8/39 MP: 4/4
   996 | D:2      | Reached XP level 5. HP: 9/45 MP: 5/5
  1000 | D:2      | HP: 2/45 [poisoned by Sigmund]
  1219 | D:2      | 1219 ||| INVOKING Spit Poison.
  1404 | D:2      | 1404 ||| INVOKING Spit Poison.
  1457 | D:2      | 1457 ||| READING scroll labelled ILAATU BIZXOEL.
  1458 | D:2      | 1458 ||| DRINKING 2 white potions.
  1459 | D:2      | 1459 ||| READING 3 scrolls of identify.
  1459 | D:2      | 1459 ||| IDENTIFYING ruby potion
  1460 | D:2      | 1460 ||| READING 2 scrolls of identify.
  1460 | D:2      | 1460 ||| IDENTIFYING orange potion
  1461 | D:2      | 1461 ||| DROPPING potion of ambrosia.
  1462 | D:2      | 1462 ||| DROPPING potion of magic.
  1491 | D:3      | 1491 ||| INVOKING Spit Poison.
  1503 | D:3      | 1503 ||| INVOKING Spit Poison.
  1526 | D:3      | 1526 ||| INVOKING Spit Poison.
  1539 | D:3      | 1539 ||| INVOKING Spit Poison.
  1540 | D:3      | Reached XP level 6. HP: 55/55 MP: 6/6
  1587 | D:3      | 1587 ||| INVOKING Spit Poison.
  1593 | D:3      | 1593 ||| INVOKING Spit Poison.
  1636 | D:3      | 1636 ||| INVOKING Spit Poison.
  1740 | D:3      | 1740 ||| INVOKING Spit Poison.
  1749 | D:3      | Noticed Terence
  1750 | D:3      | 1750 ||| INVOKING Spit Poison.
  1753 | D:3      | Killed Terence
  1754 | D:3      | Reached skill level 3 in Fighting
  1755 | D:3      | Noticed Ijyb
  1757 | D:3      | 1757 ||| INVOKING Spit Poison.
  1761 | D:3      | Killed Ijyb
  1764 | D:3      | 1764 ||| INVOKING Spit Poison.
  1766 | D:3      | Reached skill level 1 in Armour
  1842 | D:3      | 1842 ||| INVOKING Spit Poison.
  2005 | D:3      | 2005 ||| INVOKING Spit Poison.
  2038 | D:3      | Found a glowing silver altar of Zin.
  2038 | D:3      | Found a white marble altar of Elyvilon.
  2039 | D:3      | Found a glowing golden altar of the Shining One.
  2053 | D:3      | 2053 ||| INVOKING Spit Poison.
  2071 | D:3      | 2071 ||| INVOKING Spit Poison.
  2269 | D:3      | 2269 ||| UPGRADING to amulet of reflection.
  2274 | D:3      | 2274 ||| READING scroll labelled ELEXIAH NIST.
  2362 | D:4      | 2362 ||| PLANNING OSSUARY
  2376 | D:4      | 2376 ||| INVOKING Spit Poison.
  2381 | D:4      | 2381 ||| INVOKING Spit Poison.
  2407 | D:4      | 2407 ||| INVOKING Spit Poison.
  2429 | D:4      | 2429 ||| INVOKING Spit Poison.
  2434 | D:4      | 2434 ||| INVOKING Spit Poison.
  2454 | D:4      | 2454 ||| INVOKING Spit Poison.
  2458 | D:4      | 2458 ||| INVOKING Spit Poison.
  2495 | D:4      | 2495 ||| INVOKING Spit Poison.
  2499 | D:4      | 2499 ||| INVOKING Spit Poison.
  2570 | D:4      | 2570 ||| UPGRADING to +0 cloak.
  2575 | D:4      | 2575 ||| READING scroll labelled EHAIZY OKAOHUT.
  2587 | D:4      | 2587 ||| INVOKING Spit Poison.
  2602 | D:4      | 2602 ||| INVOKING Spit Poison.
  2603 | D:4      | Reached XP level 7. HP: 64/64 MP: 7/7
  2617 | D:4      | 2617 ||| INVOKING Spit Poison.
  2797 | D:4      | 2797 ||| INVOKING Spit Poison.
  2837 | D:4      | Found a sand-covered staircase.
  2852 | D:4      | 2852 ||| READING scroll labelled OTATODY CAOT.
  2856 | Ossuary  | Entered an ossuary
  2943 | Ossuary  | Reached skill level 7 in Ranged Weapons
  2998 | Ossuary  | 2998 ||| DRINKING 2 puce potions.
  2999 | Ossuary  | 2999 ||| DRINKING 4 fuming coppery potions.
  3000 | Ossuary  | 3000 ||| DROPPING potion of enlightenment.
  3025 | D:4      | 3025 ||| PLANNING D:1-11
  3088 | D:4      | 3088 ||| READING scroll labelled JIPPE ZUC KUI.
  3105 | D:5      | Entered Level 5 of the Dungeon
  3136 | D:5      | 3136 ||| INVOKING Spit Poison.
  3140 | D:5      | 3140 ||| INVOKING Spit Poison.
  3143 | D:5      | 3143 ||| INVOKING Spit Poison.
  3148 | D:5      | 3148 ||| INVOKING Spit Poison.
  3148 | D:5      | HP: 14/64 [orc priest/divine providence (14)]
  3149 | D:5      | 3149 ||| READING 2 scrolls of teleportation.
  3150 | D:5      | 3150 ||| DRINKING 3 potions of heal wounds.
  3189 | D:5      | 3189 ||| INVOKING Spit Poison.
  3217 | D:5      | 3217 ||| INVOKING Spit Poison.
  3220 | D:5      | 3220 ||| INVOKING Spit Poison.
  3289 | D:5      | 3289 ||| INVOKING Spit Poison.
  3292 | D:5      | 3292 ||| INVOKING Spit Poison.
  3297 | D:5      | 3297 ||| INVOKING Spit Poison.
  3300 | D:5      | 3300 ||| INVOKING Spit Poison.
  3417 | D:5      | 3417 ||| INVOKING Spit Poison.
  3508 | D:5      | 3508 ||| INVOKING Spit Poison.
  3535 | D:5      | 3535 ||| INVOKING Spit Poison.
  3537 | D:5      | Reached skill level 8 in Ranged Weapons
  3537 | D:5      | Reached XP level 8. HP: 72/72 MP: 8/8
  3552 | D:5      | 3552 ||| INVOKING Spit Poison.
  3595 | D:5      | 3595 ||| INVOKING Spit Poison.
  3609 | D:5      | Found a shimmering altar of Xom.
  3612 | D:5      | Found a radiant altar of Vehumet.
  3687 | D:5      | Found a hazy altar of Hepliaklqana.
  3981 | D:5      | 3981 ||| UPGRADING to +0 leather armour of positive energy.
  3991 | D:5      | 3991 ||| DROPPING +0 leather armour.
  3992 | D:5      | 3992 ||| UPGRADING to +4 ring of slaying {mikee}.
  3994 | D:5      | 3994 ||| DROPPING ring of protection from cold.
  3995 | D:5      | 3995 ||| DRINKING 2 viscous inky potions.
  4099 | D:5      | 4099 ||| READING 2 scrolls of identify.
  4099 | D:5      | 4099 ||| IDENTIFYING bubbling dark potion
  4100 | D:5      | 4100 ||| DROPPING potion of berserk rage.
  4158 | D:6      | 4158 ||| INVOKING Spit Poison.
  4161 | D:6      | 4161 ||| INVOKING Spit Poison.
  4174 | D:6      | 4174 ||| INVOKING Spit Poison.
  4182 | D:6      | 4182 ||| INVOKING Spit Poison.
  4185 | D:6      | 4185 ||| INVOKING Spit Poison.
  4189 | D:6      | 4189 ||| INVOKING Spit Poison.
  4194 | D:6      | 4194 ||| INVOKING Spit Poison.
  4230 | D:6      | 4230 ||| INVOKING Spit Poison.
  4233 | D:6      | 4233 ||| INVOKING Spit Poison.
  4236 | D:6      | 4236 ||| INVOKING Spit Poison.
  4239 | D:6      | 4239 ||| INVOKING Spit Poison.
  4244 | D:6      | 4244 ||| INVOKING Spit Poison.
  4250 | D:6      | 4250 ||| INVOKING Spit Poison.
  4314 | D:6      | 4314 ||| FLEEEEING.
  4322 | D:6      | 4322 ||| STAIRDANCE
  4368 | D:5      | 4368 ||| DROPPING amulet of regeneration.
  4383 | D:6      | Reached skill level 9 in Ranged Weapons
  4446 | D:6      | Found a sparkling altar of Nemelex Xobeh.
  4623 | D:6      | Found an ancient bone altar of Kikubaaqudgha.
  4686 | D:6      | Reached XP level 9. HP: 59/81 MP: 9/9
  4792 | D:6      | Reached skill level 3 in Dodging
  5216 | D:6      | 5216 ||| READING scroll labelled MYUNUG QENG.
  5217 | D:6      | 5217 ||| READING scroll labelled NOAS GIKUOLATT.
  5310 | D:7      | 5310 ||| INVOKING Spit Poison.
  5313 | D:7      | 5313 ||| INVOKING Spit Poison.
  5315 | D:7      | Reached skill level 6 in Fighting
  5442 | D:7      | 5442 ||| READING scroll of enchant armour.
  5442 | D:7      | 5442 ||| ENCHANTING +0 barding.
  5474 | D:7      | Found a staircase to the Ecumenical Temple.
  5475 | D:7      | 5475 ||| PLANNING TEMPLE
  5475 | D:7      | 5475 ||| UPGRADING to +0 orcbow.
  5476 | D:7      | 5476 ||| DROPPING +1 heavy shortbow.
  5477 | D:7      | 5477 ||| UPGRADING to +1 robe of positive energy.
  5487 | D:7      | 5487 ||| DROPPING +0 leather armour of positive energy.
  5496 | Temple   | Entered the Ecumenical Temple
  5610 | Temple   | 5610 ||| PLANNING D:1-11
  5638 | D:7      | 5638 ||| INVOKING Spit Poison.
  5643 | D:7      | 5643 ||| INVOKING Spit Poison.
  5646 | D:7      | 5646 ||| INVOKING Spit Poison.
  5651 | D:7      | 5651 ||| INVOKING Spit Poison.
  5704 | D:7      | 5704 ||| READING scroll of enchant armour.
  5704 | D:7      | 5704 ||| ENCHANTING +1 barding.
  5712 | D:7      | 5712 ||| INVOKING Spit Poison.
  5716 | D:7      | 5716 ||| INVOKING Spit Poison.
  5893 | D:7      | 5893 ||| INVOKING Spit Poison.
  5920 | D:7      | 5920 ||| INVOKING Spit Poison.
  5925 | D:7      | 5925 ||| INVOKING Spit Poison.
  5926 | D:7      | Reached skill level 10 in Ranged Weapons
  5969 | D:7      | 5969 ||| INVOKING Spit Poison.
  6145 | D:7      | Found a hide-covered altar of Uskayaw.
  6152 | D:7      | Found an opulent altar of Gozag.
  6156 | D:7      | Found a stormy altar of Qazlal.
  6157 | D:7      | Found an iron altar of Okawaru.
  6158 | D:7      | 6158 ||| PLANNING OKAWARU WORSHIP
  6158 | D:7      | 6158 ||| READING scroll labelled BEUXAE AHI EXY.
  6158 | D:7      | Identified a scroll of acquirement
  6158 | D:7      | 6158 ||| ACQUIRING +5 heavy arbalest
  6158 | D:7      | Acquired a +5 heavy arbalest
  6159 | D:7      | 6159 ||| READING 2 scrolls of identify.
  6159 | D:7      | 6159 ||| IDENTIFYING brown potion
  6160 | D:7      | 6160 ||| DROPPING potion of attraction.
  6163 | D:7      | Became a worshipper of Warmaster Okawaru
  6164 | D:7      | 6164 ||| PLANNING D:1-11
  6167 | D:7      | 6167 ||| UPGRADING to +5 heavy arbalest.
  6168 | D:7      | 6168 ||| DROPPING +0 orcbow.
  6275 | D:7      | Found a sacrificial altar of Ru.
  6386 | D:8      | 6386 ||| INVOKING Spit Poison.
  6387 | D:8      | 6387 ||| Stepping ~*~*~tactically~*~*~ (outnumbered).
  6394 | D:8      | 6394 ||| INVOKING Spit Poison.
  6453 | D:8      | 6453 ||| INVOKING Spit Poison.
  6457 | D:8      | 6457 ||| INVOKING Spit Poison.
  6460 | D:8      | 6460 ||| INVOKING Spit Poison.
  6462 | D:8      | 6462 ||| INVOKING Spit Poison.
  6466 | D:8      | 6466 ||| INVOKING Spit Poison.
  6469 | D:8      | 6469 ||| INVOKING Spit Poison.
  6471 | D:8      | 6471 ||| INVOKING Spit Poison.
  6490 | D:8      | Noticed Psyche
  6492 | D:8      | 6492 ||| INVOKING Spit Poison.
  6495 | D:8      | Killed Psyche
  6496 | D:8      | Reached XP level 10. HP: 89/94 MP: 10/10
  6514 | D:8      | Reached * piety under Okawaru
  6515 | D:8      | Reached skill level 11 in Ranged Weapons
  6618 | D:8      | Reached skill level 1 in Invocations
  6739 | D:8      | 6739 ||| INVOKING Spit Poison.
  6740 | D:8      | 6740 ||| INVOKING Heroism.
  6744 | D:8      | 6744 ||| INVOKING Spit Poison.
  6885 | D:8      | 6885 ||| DROPPING +1 ring mail of poison resistance.
  6886 | D:8      | 6886 ||| UPGRADING to +2 robe of fire resistance.
  6896 | D:8      | 6896 ||| DROPPING +1 robe of positive energy.
  6897 | D:8      | 6897 ||| DROPPING ring of resist corrosion.
  6898 | D:8      | 6898 ||| READING 2 scrolls labelled ULISOQ EROUMI.
  6899 | D:8      | 6899 ||| READING scroll labelled SODUDD MIATECA.
  6900 | D:8      | 6900 ||| READING 2 scrolls of identify.
  6900 | D:8      | 6900 ||| IDENTIFYING dark potion
  6901 | D:8      | 6901 ||| DROPPING potion of brilliance.
  6902 | D:8      | 6902 ||| DROPPING scroll of fog.
  6953 | D:9      | 6953 ||| INVOKING Spit Poison.
  6972 | D:9      | 6972 ||| INVOKING Spit Poison.
  6976 | D:9      | 6976 ||| INVOKING Spit Poison.
  6979 | D:9      | 6979 ||| INVOKING Spit Poison.
  6983 | D:9      | 6983 ||| INVOKING Spit Poison.
  7013 | D:9      | 7013 ||| INVOKING Spit Poison.
  7016 | D:9      | 7016 ||| INVOKING Spit Poison.
  7116 | D:9      | 7116 ||| INVOKING Spit Poison.
  7119 | D:9      | 7119 ||| INVOKING Spit Poison.
  7122 | D:9      | 7122 ||| Stepping ~*~*~tactically~*~*~ (outnumbered).
  7123 | D:9      | 7123 ||| INVOKING Spit Poison.
  7126 | D:9      | 7126 ||| INVOKING Spit Poison.
  7129 | D:9      | 7129 ||| INVOKING Spit Poison.
  7293 | D:9      | 7293 ||| INVOKING Spit Poison.
  7297 | D:9      | 7297 ||| INVOKING Spit Poison.
  7300 | D:9      | 7300 ||| INVOKING Spit Poison.
  7304 | D:9      | 7304 ||| INVOKING Spit Poison.
  7379 | D:9      | 7379 ||| INVOKING Heroism.
  7438 | D:9      | 7438 ||| INVOKING Spit Poison.
  7490 | D:9      | 7490 ||| INVOKING Spit Poison.
  7493 | D:9      | Reached skill level 3 in Invocations
  7493 | D:9      | 7493 ||| INVOKING Spit Poison.
  7632 | D:9      | Found a basalt altar of Yredelemnul.
  7664 | D:9      | Found a bloodstained altar of Trog.
  7722 | D:9      | 7722 ||| Stepping ~*~*~tactically~*~*~ (outnumbered).
  7724 | D:9      | 7724 ||| INVOKING Spit Poison.
  7726 | D:9      | 7726 ||| Stepping ~*~*~tactically~*~*~ (outnumbered).
  7728 | D:9      | 7728 ||| INVOKING Spit Poison.
  7733 | D:9      | 7733 ||| INVOKING Spit Poison.
  7737 | D:9      | 7737 ||| INVOKING Spit Poison.
  7744 | D:9      | 7744 ||| INVOKING Spit Poison.
  7911 | D:9      | 7911 ||| INVOKING Spit Poison.
  7914 | D:9      | Reached ** piety under Okawaru
  7915 | D:9      | 7915 ||| INVOKING Spit Poison.
  7919 | D:9      | 7919 ||| INVOKING Spit Poison.
  7922 | D:9      | 7922 ||| INVOKING Spit Poison.
  8165 | D:9      | 8165 ||| DROPPING ring of positive energy.
  8166 | D:9      | 8166 ||| READING scroll labelled WUPROD LEAXIWK.
  8167 | D:9      | 8167 ||| READING scroll labelled AVABET XOUSIA.
  8168 | D:9      | 8168 ||| DRINKING 2 metallic red potions.
  8210 | D:9      | 8210 ||| READING 2 scrolls of identify.
  8210 | D:9      | 8210 ||| IDENTIFYING viscous clear potion
  8211 | D:9      | 8211 ||| DROPPING potion of lignification.
  8241 | D:10     | Entered Level 10 of the Dungeon
  8276 | D:10     | 8276 ||| INVOKING Heroism.
  8277 | D:10     | 8277 ||| INVOKING Spit Poison.
  8307 | D:10     | 8307 ||| INVOKING Spit Poison.
  8309 | D:10     | Noticed Lodul
  8310 | D:10     | 8310 ||| INVOKING Heroism.
  8311 | D:10     | 8311 ||| INVOKING Spit Poison.
  8314 | D:10     | 8314 ||| INVOKING Spit Poison.
  8316 | D:10     | 8316 ||| Stepping ~*~*~tactically~*~*~ (outnumbered).
  8318 | D:10     | Reached skill level 12 in Ranged Weapons
  8318 | D:10     | 8318 ||| INVOKING Spit Poison.
  8320 | D:10     | HP: 15/96 [ogre/+0 giant spiked club[Lodul] (13)]
  8321 | D:10     | 8321 ||| READING 2 scrolls of teleportation.
  8321 | D:10     | Slain by an ogre

Levels and vault maps discovered:
D:1:      dpeg_arrival_castle, layout_loops_ring
D:2:      layout_basic, uniq_sigmund
D:3:      layout_basic, good_gods_temple_1, grunt_ministairs_14,
          nicolae_elevator_lobby_plus, uniq_ijyb, uniq_terence
D:4:      minmay_inner_zag, layout_cave_pools,
          nicolae_ossuary_entry_false_entrances, serial_undead, serial_undead_c,
          serial_undead_e, serial_undead_e, serial_undead_e
D:5:      layout_basic, nicolae_hepliaklqana_hippocampus,
          nicolae_overflow_squiral
D:6:      layout_basic, mainiacjoe_overflow_catwalk,
          lemuel_mausoleum_altar_kikubaaqudgha
D:7:      layout_basic, minitemple, nicolae_ru_path_of_blood, temple_doors_e,
          minmay_stone_trees_small
D:8:      layout_cave_pools, uniq_psyche
D:9:      layout_basic, mainiacjoe_overflow_two_lobes, grunt_livestock,
          chequers_big_river
D:10:     layout_basic, ebering_ghost_reflecting_pool,
          kennysheep_generic_room_7, uniq_lodul, uniq_sonja
Temple:   nicolae_temple_superstar

Skill      XL: |  1  2  3  4  5  6  7  8  9 10 |
---------------+-------------------------------+-----
Ranged Weapons | 4 6 8 9 10 12 | 12.1
Fighting       | 4 5 7 8 |  8.0
Armour         | 1 2 |  2.2
Dodging        | 2 3 4 |  4.0
Invocations    | 4 |  4.1
Stealth        | |  1.5

Action                     |  1- 3 |  4- 6 |  7- 9 | 10-12 || total
---------------------------+-------+-------+-------+-------++-------
   Fire: Shortbow          |    58 |    92 |   207 |       ||   357
         Orcbow            |       |       |    38 |       ||    38
         Arbalest          |       |       |    27 |    91 ||   118
 Invoke: Heroism           |       |       |       |     4 ||     4
Ability: Spit Poison       |    29 |    28 |    53 |    35 ||   145
    Use: Scroll            |     4 |     5 |    10 |     7 ||    26
         Potion            |       |     1 |     4 |     1 ||     6
 Armour: Leather armour    |     7 |    13 |    35 |       ||    55
         Robe              |       |       |    12 |    39 ||    51
  Dodge: Dodged            |    10 |    21 |   107 |    80 ||   218
  Block: Other             |       |     8 |    34 |    20 ||    62
         Reflection        |       |       |     1 |     1 ||     2

Table legend:
 A = Non-vault XP
 B = Vault XP
 C = Vault XP percentage of total XP
 D = Non-vault monster count
 E = Vault monster count
 F = Vault count percentage of total count
                 A         B        C        D         E       F
            +---------+---------+-------+---------+---------+-------
      Total |    5567 |    3604 |  39.3 |     204 |      54 |  20.9
            +---------+---------+-------+---------+---------+-------
        D:1 |      58 |       0 |   0.0 |      30 |       0 |   0.0
        D:2 |      29 |     214 |  88.1 |      11 |       1 |   8.3
        D:3 |      62 |      74 |  54.4 |      16 |       3 |  15.8
        D:4 |     153 |     100 |  39.5 |      15 |       9 |  37.5
        D:5 |     534 |       0 |   0.0 |      23 |       0 |   0.0
        D:6 |     701 |     663 |  48.6 |      22 |      12 |  35.3
        D:7 |    1092 |       0 |   0.0 |      21 |       0 |   0.0
        D:8 |    1097 |     379 |  25.7 |      19 |       1 |   5.0
        D:9 |    1841 |     990 |  35.0 |      47 |       5 |   9.6
       D:10 |       0 |    1033 | 100.0 |       0 |       7 | 100.0
    Ossuary |       0 |     151 | 100.0 |       0 |      16 | 100.0
            +---------+---------+-------+---------+---------+-------
